 Dungeon Crawl Stone Soup version 0.20.0-4-g10b340a (console) character file.

599884 removed the Slayer (level 27, -5/244 HPs)
             Began as a Barachi Enchanter on May 27, 2017.
             Was the Champion of Kikubaaqudgha.
             Shot with a bolt by a yaktaur captain (26 damage)
             ... on level 5 of the Vaults.
             The game lasted 05:00:17 (97124 turns).

removed the Slayer (Barachi Enchanter)             Turns: 97124, Time: 05:00:18

Health: -5/244     AC: 42    Str: 12    XL:     27
Magic:  1/37       EV: 18    Int: 23    God:    Kikubaaqudgha [******]
Gold:   1593       SH:  0    Dex: 22    Spells: 21/46 levels left

rFire    + + +     SeeInvis .   a - +11 plutonium sword {*Contam Stlth-}
rCold    + . .     Gourm    .   (shield currently unavailable)
rNeg     . . .     Faith    .   R - +7 shadow dragon scales of Mic Leidwoli {rF++ MR+ Dex+4 Stlth++++}
rPois    +         Spirit   .   K - +2 hat
rElec    +         Reflect  .   V - +2 cloak {rPois}
rCorr    .         Harm     .   O - +2 pair of gloves
MR       +++..                  F - +2 pair of boots {run}
Stlth    +++++.....             c - amulet of Temptation {+Rage rElec Dex+2}
Regen    0.0/turn               f - +6 ring of slaying
MPRegen  0.3/turn               T - ring "Ostroen" {rF+ rC+ Slay+3}

@: marked, can't hop, hasted, drained, very quick
A: +LOS, swims, sense surroundings 1, slowness 1, inhibited regeneration, strong
legs 2
}: 3/15 runes: decaying, serpentine, abyssal
a: Hop, Receive Corpses, Torment, Renounce Religion, Evoke Berserk Rage


You were on level 5 of the Vaults.
You worshipped Kikubaaqudgha.
Kikubaaqudgha was exalted by your worship.
You were not hungry.

You visited 10 branches of the dungeon, and saw 48 of its levels.
You visited the Abyss 1 time.
You also visited: Labyrinth, Sewer, Ice Cave and Desolation.

You collected 6912 gold pieces.
You spent 5319 gold pieces at shops.

Inventory:

Hand Weapons
 a - the +11 plutonium sword (weapon) {*Contam Stlth-}
   (You found it on level 6 of the Lair of Beasts)

   It causes magical contamination when unequipped.
   It makes you less stealthy.
 g - a +0 blowgun
 X - the +4 dagger "Morg" {pain, MR+ Int+5}
   (You took it off a vampire mage on level 1 of the Crypt)

   In the hands of one skilled in necromantic magic, it inflicts extra damage on
   living creatures.
   It affects your intelligence (+5).
   It affects your resistance to hostile enchantments.
Missiles
 j - 7 curare-tipped needles
 W - 4 throwing nets (quivered)
Armour
 F - a +2 pair of boots of running (worn)
 K - a +2 hat (worn)
 O - a +2 pair of gloves (worn)
 R - the +7 shadow dragon scales of Mic Leidwoli (worn) {rF++ MR+ Dex+4 Stlth++++}
   (You found it in the Desolation of Salt)

   It affects your dexterity (+4).
   It greatly protects you from fire.
   It affects your resistance to hostile enchantments.
   It makes you much more stealthy.
 V - a +2 cloak of poison resistance (worn)
Jewellery
 c - the amulet of Temptation (around neck) {+Rage rElec Dex+2}
   (You found it on level 3 of the Elven Halls)

   [amulet of rage]

   It affects your dexterity (+2).
   It insulates you from electricity.
   It lets you go berserk.
 f - a +6 ring of slaying (left hand)
 k - the ring of Robustness {AC+8}
   (You found it on level 9 of the Dungeon)

   [ring of protection]

   It affects your AC (+8).
 n - an uncursed ring of flight
 L - the amulet "Cyfa" {rPois Regen+ Dex+3}
   (You took it off a servant of whispers in the Desolation of Salt)

   [amulet of regeneration]

   It affects your dexterity (+3).
   It protects you from poison.
   It increases your rate of regeneration.
 T - the ring "Ostroen" (right hand) {rF+ rC+ Slay+3}
   (You bought it in a shop on level 2 of the Depths)

   [ring of protection from cold]

   It affects your accuracy and damage with ranged weapons and melee attacks
   (+3).
   It protects you from fire.
   It protects you from cold.
Wands
 b - a wand of disintegration (10/24)
 i - a wand of digging (17/24)
 r - a wand of acid (9/15)
 y - a wand of digging (6/24)
Scrolls
 e - 7 scrolls of recharging
 h - 2 scrolls of amnesia
 l - 2 scrolls of summoning
 u - 4 scrolls of holy word
 C - 15 scrolls of remove curse
 E - 3 scrolls of fear
 I - 6 scrolls of teleportation
 J - 9 scrolls of fog
 M - 3 scrolls of blinking
 P - 4 scrolls of enchant armour
 S - 15 scrolls of identify
 Z - 3 scrolls of magic mapping
Potions
 m - a potion of lignification
 p - 9 potions of flight
 t - 2 potions of resistance
 v - 8 potions of brilliance
 w - 9 potions of might
 z - 12 potions of mutation
 A - 2 potions of berserk rage
 G - 18 potions of curing
 H - 9 potions of agility
 N - a potion of ambrosia
 Q - 2 potions of haste
 Y - 3 potions of magic
Comestibles
 s - 13 meat rations
 B - 13 royal jellies
 D - 56 fruits
 U - 13 bread rations


   Skills:
 + Level 25.6(25.0) Fighting
 - Level 10.0(16.8) Short Blades
 - Level 23.5(23.6) Long Blades
 + Level 24.7(24.2) Armour
 - Level 20.0(19.4) Dodging
 - Level 10.0(9.5) Stealth
   Level 5.1(4.8) Shields
 - Level 10.0(9.6) Spellcasting
 - Level 11.3(10.9) Hexes
 - Level 12.0(11.6) Necromancy
 - Level 5.0(4.6) Ice Magic


You had 21 spell levels left.
You knew the following spells:

 Your Spells              Type           Power        Failure   Level  Hunger
a - Animate Dead          Necr           N/A          3%          4    ##.....
b - Ensorcelled Hibernat  Hex/Ice        #####.       2%          2    None
c - Confuse               Hex            ######..     1%          3    None
d - Vampiric Draining     Necr           ######....   1%          3    None
e - Regeneration          Chrm/Necr      #####.....   10%         3    None
f - Corona                Hex            ######.      1%          1    None
t - Tukima's Dance        Hex            ######..     1%          3    None
u - Dispel Undead         Necr           ######..     9%          5    ####...
A - Apportation           Tloc           ##....       34%         1    None


Dungeon Overview and Level Annotations

Branches:
Dungeon (15/15)            Temple (1/1) D:6            Lair (6/6) D:8
  Swamp (4/4) Lair:2        Snake (4/4) Lair:3        Slime (0/5) Lair:5
    Orc (2/2) D:9             Elf (3/3) Orc:2        Vaults (5/5) D:13
  Crypt (3/3) Vaults:3       Tomb (0/3) Crypt:3      Depths (5/5) D:15
    Zot (0/5) Depths:5

Altars:
Cheibriados
Elyvilon
Fedhas
Gozag
Hepliaklqana
Kikubaaqudgha
Qazlal
Ru
Sif Muna
Trog
Yredelemnul
Zin
The Shining One
Beogh
Jiyva

Shops:
D:8 [   D:12 *   D:14 *   Orc:2 [(*=   Elf:2 ?   Snake:1 ?=}}   Snake:3 %
Vaults:3 *   Depths:2 [[=*   Depths:3 ([**   Depths:5 :

Portals:
Hell: Depths:1 Depths:2 Depths:3 Depths:4 Depths:5
Abyss: Depths:1 Depths:4
Pandemonium: Depths:3 Depths:4 Depths:5
Ziggurat: Depths:2
Trove: D:11 (give 17 potions of curing)

Annotations:
D:9 exclusion: obsidian statue
D:14 exclusion: downstairs
Lair:1 exclusion: 4 oklob plants
Lair:6 exclusion: oklob plant
Elf:2 5 runed doors
Elf:3 exclusion: Roxanne, Roxanne
Vaults:2 exclusion: orange crystal statue
Depths:1 exclusion: orange crystal statue


Innate Abilities, Weirdness & Mutations

Shadows flee at your approach. (+LOS)
You can swim through water.
You cover ground slowly.
You can hop longer distances.
You passively map a small area around you.
You do not regenerate when monsters are visible.


Message History

The hornet glows faint charcoal for a moment.
The hornet is almost dead.
You hear a shout!
A titan comes into view.
Unknown command.
Casting: Vampiric Draining
Confirm with . or Enter, or press ? or * to list all spells.
Aiming: Vampiric Draining
Press: ? - help, Shift-Dir - straight line, f - hornet
Aim: a hornet (almost dead)
You kill the hornet!
Kikubaaqudgha accepts your kill.
Your surroundings suddenly seem different.
The yaktaur captain shouts!
The vault sentinel gestures at you while chanting.
A sentinel's mark forms upon you.
The yaktaur captain wields an arbalest.
The yaktaur captain shoots a bolt.
The bolt hits you!!
You die...
Kikubaaqudgha rasps: "You have failed me!
Welcome... death!"

#(.#.#.#.# ,
#...p..... ,,
#(.c.#############
#.$..pp...........
#.......cc.§..C.4C
,
#.....e..§§§....4p
#......§§§§§......
#...p#############
#..@........
#..#...#.#.# *
#..#.....p., .....
#.. pp.#.#.. #.#..
#.. ......., ....
#.W*...#.... ...
#.. ....... C.
#..*........ , #
#.. ...#.... , #


You could see 2 vault wardens, a death knight (wandering), a yaktaur captain, a
vault guard, a flayed ghost, 3 vault sentinels, a deep elf high priest and 2
yaktaurs.

Vanquished Creatures
  2 ancient liches (Crypt:3)
  Sojobo (Vaults:3)
  A shard shrike (Depths:4)
  Margery (Vaults:4)
  Vashnia (Snake:3)
  Saint Roka (Crypt:3)
  A caustic shrike (Depths:3)
  4 golden dragons
  2 bone dragons
  A pearl dragon (Depths:5)
  Jorgrun (Swamp:3)
  An iron giant (Depths:5)
  6 tentacled monstrosities
  A quicksilver dragon (shapeshifter) (D:13)
  A deep elf blademaster (Elf:3)
  A quicksilver dragon (Depths:3)
  10 liches
  3 deep elf master archers
  8 sphinxes
  2 titans
  Frances (Elf:1)
  4 acid blobs
  3 tentacled starspawn (Abyss:3)
  Gastronok (D:9)
  Agnes (D:15)
  6 ancient champions
  3 storm dragons
  5 thorn hunters
  5 shadow dragons
  4 tengu reavers
  7 azure jellies
  4 revenants
  7 nagarajas
  A frost giant (shapeshifter) (Depths:5)
  6 fire giants
  7 frost giants
  A draconian knight (Depths:5)
  5 deep elf sorcerers
  3 iron dragons
  2 emperor scorpions
  Louise (Swamp:1)
  An orc warlord (Orc:2)
  5 deep elf elementalists
  A draconian scorcher (Depths:5)
  Aizul (Snake:2)
  11 vault wardens
  4 curse skulls
  4 ironheart preservers
  6 ghouls
  5 spriggan defenders
  A reaper (Depths:3)
  The ghost of kuniqs the Protected, a journeyman MiFi of the Shining One (D:15)
  9 very ugly things
  29 stone giants
  2 black draconians (Depths:5)
  9 vampire knights
  2 deep elf demonologists
  3 green draconians (Depths:5)
  16 spark wasps
  A yellow draconian (Depths:5)
  A red draconian (Vaults:4)
  Snorg (D:10)
  6 deep elf annihilators
  A purple draconian (Depths:5)
  3 halazid warlocks (Desolation)
  8 death oozes (Depths:1)
  14 ettins
  A green death (Abyss:3)
  5 eidola
  3 minotaurs
  20 fire dragons
  2 ragged hierophants (Desolation)
  16 yaktaur captains
  8 deep elf death magi
  Josephine (D:15)
  2 deep elf high priests
  6 great orbs of eyes
  13 jiangshi
  4 crystal guardians
  8 rakshasas
  8 ice dragons
  The ghost of Gravenous the Carver, a journeyman BaBe of Trog (D:11)
  7 servants of whispers (Desolation)
  4 peacekeepers (Desolation)
  17 vault guards
  An alligator snapping turtle (Elf:1)
  A quicksilver dragon skeleton (Crypt:2)
  6 catoblepae
  22 naga warriors
  22 hydras
  11 anacondas
  6 spriggan air magi
  A juggernaut simulacrum (Depths:3)
  58 two-headed ogres
  Erica (D:9)
  2 ghost crabs
  A death knight (Vaults:3)
  5 death yaks
  10 centaur warriors
  2 satyrs
  15 dancing weapons
  9 tengu warriors
  6 alligators
  A queen ant (Depths:1)
  2 deep troll earth magi
  2 hell hogs
  3 deep troll shamans
  6 spriggan berserkers
  15 ogre magi
  13 shock serpents
  9 vampire magi
  Urug (D:11)
  An orc high priest (Orc:2)
  Nergalle (D:12)
  2 thrashing horrors (Abyss:3)
  5 soul eaters
  A salamander mystic (Depths:3)
  2 storm dragon zombies
  12 deep elf knights
  10 naga sharpshooters
  4 iron trolls
  A fire crab (Vaults:5)
  A titan skeleton (Crypt:3)
  35 skeletal warriors
  A spatial maelstrom (Abyss:3)
  A wretched star (Abyss:3)
  7 swamp dragons (Swamp:4)
  19 deep trolls
  12 flayed ghosts
  An infernal demonspawn (Depths:3)
  2 torturous demonspawn (Depths:5)
  6 shadow wraiths
  9 naga ritualists
  An unseen horror (shapeshifter) (Vaults:3)
  22 hell knights
  6 unseen horrors
  13 sea snakes
  16 ironbrand convokers
  7 glowing orange brains
  A spriggan druid (Swamp:4)
  8 lindwurms
  15 deep elf archers
  4 shambling mangroves
  An anaconda skeleton (Crypt:2)
  9 phantasmal warriors
  15 orc knights
  3 harpies (Depths:3)
  14 necromancers
  9 wizards
  A golden dragon skeleton (Crypt:3)
  An iron giant skeleton (Crypt:2)
  3 wolf spiders
  11 mana vipers
  56 deep elf magi
  A mana viper (shapeshifter) (Depths:2)
  A frost giant zombie (Depths:2)
  7 orc sorcerers
  50 ugly things
  A salamander (shapeshifter) (Vaults:1)
  7 cyclopes
  10 manticores
  11 salamanders
  A manticore (shapeshifter) (Vaults:3)
  2 shadow dragon skeletons
  A moth of wrath (Depths:5)
  2 fire giant zombies
  A stone giant zombie (Depths:3)
  A fire giant skeleton (Vaults:2)
  A worldbinder (Abyss:3)
  A sphinx skeleton (Vaults:3)
  A moth of wrath (shapeshifter) (Vaults:3)
  5 elephants
  A water nymph (shapeshifter) (Elf:3)
  A water nymph (Depths:3)
  11 naga magi
  53 black mambas
  An iron dragon skeleton (Depths:2)
  9 guardian serpents
  A shock serpent zombie (Crypt:1)
  A stone giant skeleton (Vaults:2)
  15 vault sentinels
  A gargoyle (D:14)
  2 molten gargoyles (Lair:3)
  A torpor snail (Elf:1)
  A black mamba (shapeshifter) (Depths:3)
  2 centaur skeletons
  2 ice statues (IceCv)
  2 orange demons
  3 smoke demons (Abyss:3)
  2 yaktaur zombies (Vaults:2)
  13 spiny frogs
  A yellow draconian zombie (Crypt:3)
  A dire elephant skeleton (Crypt:2)
  A hellion (Crypt:1)
  A rime drake (Depths:5)
  61 yaktaurs
  5 tengu conjurers
  A rime drake (shapeshifter) (D:9)
  2 komodo dragons (shapeshifter)
  10 ice devils
  4 freezing wraiths
  A hellwing (Depths:3)
  2 white draconian skeletons
  A pale draconian skeleton (Crypt:2)
  3 red devils
  7 komodo dragons
  2 ancient zymes (Abyss:3)
  2 minotaur zombies
  Grinder (D:6)
  12 trolls
  7 tyrant leeches
  A queen bee (shapeshifter) (Vaults:4)
  A wolf spider simulacrum (Crypt:2)
  3 polar bears
  A hydra zombie (Crypt:2)
  2 polar bears (shapeshifter)
  A hydra skeleton (Crypt:2)
  A minotaur skeleton (Crypt:3)
  35 saltlings (Desolation)
  14 hornets
  13 blink frogs
  Prince Ribbit (D:8)
  9 hippogriffs
  2 raiju (Abyss:3)
  4 bog bodies
  A guardian serpent zombie (Crypt:2)
  55 slime creatures
  A jumping spider zombie (Crypt:3)
  8 large abominations
  A meliai zombie (D:11)
  A snapping turtle (shapeshifter) (Vaults:3)
  A redback (shapeshifter) (Depths:1)
  7 spriggans
  14 wraiths
  An air elemental (Abyss:3)
  9 flying skulls
  2 redbacks
  50 yaks
  5 shadows
  3 wyverns
  2 fire elementals
  5 humans (D:7)
  9 basilisks
  5 chaos spawn
  2 ynoxinuls (Abyss:3)
  A hog (shapeshifter) (Vaults:1)
  A human (shapeshifter) (Abyss:3)
  3 golden eyes (shapeshifter)
  A steam dragon (shapeshifter) (Vaults:2)
  3 neqoxecs
  20 water elementals
  16 vampire mosquitoes
  5 insubstantial wisps (Swamp:1)
  2 acid dragons
  3 hungry ghosts
  53 nagas
  7 wargs
  A soldier ant (D:10)
  A soldier ant (shapeshifter) (Abyss:3)
  23 swamp worms
  7 water moccasins
  11 porcupines
  A human skeleton (Vaults:2)
  4 floating eyes
  Purgy (Sewer)
  47 orc warriors
  A hornet zombie (D:7)
  5 eyes of draining
  7 sky beasts
  6 swamp drakes
  2 snapping turtle zombies
  A black bear (shapeshifter) (Depths:4)
  5 ice beasts
  A spriggan simulacrum (Depths:2)
  3 phantoms
  11 wolves
  4 necrophages
  9 boggarts
  A lindwurm skeleton (Crypt:3)
  A swamp dragon skeleton (Crypt:2)
  51 ogres
  22 centaurs
  An elf simulacrum (Vaults:1)
  A snapping turtle skeleton (Crypt:2)
  14 crocodiles
  A human zombie (Vaults:2)
  A big kobold (shapeshifter) (Vaults:4)
  7 big kobolds
  19 bullfrogs
  2 gnoll sergeants
  A salamander skeleton (Crypt:3)
  A glowing shapeshifter simulacrum (Vaults:3)
  A wyvern zombie (D:15)
  A komodo dragon skeleton (Crypt:1)
  4 wyvern skeletons
  2 scorpions
  A shapeshifter zombie (Crypt:3)
  7 killer bees
  2 electric eels
  6 howler monkeys (D:13)
  17 wights
  A wolf zombie (Crypt:1)
  9 lava snakes
  7 small abominations
  5 crimson imps
  A basilisk zombie (Crypt:1)
  3 bullfrog zombies
  A human simulacrum (Vaults:3)
  6 starcursed masses (Abyss:3)
  10 jellies
  A quasit (Depths:5)
  A wolf skeleton (Crypt:1)
  8 centaur zombies
  3 bullfrog skeletons
  10 hounds
  17 orc priests
  31 orc wizards
  6 iguanas
  11 iron imps
  Jessica (D:2)
  A black bear skeleton (Crypt:1)
  10 worker ants
  A sky beast zombie (Crypt:3)
  An ogre zombie (Crypt:2)
  A hound skeleton (D:6)
  3 worker ant zombies
  11 gnolls
  A howler monkey skeleton (D:9)
  14 adders
  7 shadow imps
  21 white imps
  An ufetubus (IceCv)
  An adder zombie (D:5)
  A halfling zombie (Crypt:3)
  12 oozes
  2 adder skeletons (D:8)
  A lava snake skeleton (Crypt:2)
  3 worms
  2 dart slugs
  9 leopard geckos
  91 orcs
  13 bats
  A bat zombie (Crypt:3)
  11 giant cockroaches
  7 hobgoblins
  19 jackals
  5 quokkas
  A ball python (D:3)
  6 frilled lizards
  7 goblins
  A hobgoblin zombie (Crypt:3)
  30 kobolds
  4 rats
  2 river rat skeletons
  A river rat zombie (Crypt:1)
  8 briar patches (Swamp:3)
  A butterfly (Lair:5)
  A pillar of salt (Vaults:4)
  2 starspawn tentacles (Abyss:3)
2474 creatures vanquished.

Vanquished Creatures (collateral kills)
  A nagaraja (Snake:4)
  A vault warden (Vaults:1)
  2 naga warriors (Snake:4)
  2 peacekeepers (Desolation)
  An ogre mage (Depths:2)
  A skeletal warrior (D:15)
  A hell knight (Vaults:4)
  A naga ritualist (Snake:4)
  2 ironbrand convokers (Desolation)
  A mana viper (Snake:4)
  A naga mage (Snake:2)
  A yaktaur (Vaults:1)
  7 saltlings (Desolation)
  A bog body (Swamp:1)
  A hornet (Swamp:1)
  2 wraiths (D:15)
  4 vampire mosquitoes (Swamp:1)
  A swamp worm (Swamp:1)
  A naga (Snake:4)
  An ogre (Vaults:1)
  A bullfrog (D:8)
  A white imp (IceCv)
  2 ufetubi (IceCv)
37 creatures vanquished.

Vanquished Creatures (others)
  An eldritch tentacle (Crypt:3)
  A nagaraja (Snake:4)
  A reaper (IceCv)
  A deep elf demonologist (Vaults:5)
  A lorocyproca (Depths:5)
  A ragged hierophant (Desolation)
  A centaur warrior (Vaults:3)
  A naga sharpshooter (Snake:4)
  An ironbrand convoker (Desolation)
  A vault sentinel (Vaults:1)
  8 yaktaurs (Vaults:1)
  A komodo dragon (Swamp:1)
  2 saltlings (Desolation)
  3 dancing weapons (Vaults:4)
  3 white imps (IceCv)
  4 ufetubi (IceCv)
  2 orcs
  3 kobolds (D:14)
  2 briar patches (Swamp:3)
  17 fungi
  8 pillars of salt (Vaults:4)
  69 plants
  4 starspawn tentacles (Abyss:3)
  7 toadstools (D:3)
  21 withered plants (Crypt:3)
164 creatures vanquished.

Grand Total: 2675 creatures vanquished

Notes
Turn   | Place    | Note
-------+----------+-------------------------------------------
     0 | D:1      | removed the Barachi Enchanter began the quest for the Orb.
     0 | D:1      | Reached XP level 1. HP: 13/13 MP: 3/3
   305 | D:1      | Reached XP level 2. HP: 19/19 MP: 3/5
   340 | D:1      | Learned a level 2 spell: Ensorcelled Hibernation
  1082 | D:1      | Reached XP level 3. HP: 21/24 MP: 4/6
  1307 | D:1      | Learned a level 3 spell: Confuse
  2226 | D:2      | Reached skill level 1 in Ice Magic
  2226 | D:2      | Reached XP level 4. HP: 30/30 MP: 3/7
  2366 | D:2      | Noticed Jessica
  2559 | D:2      | Killed Jessica
  2790 | D:3      | Reached XP level 5. HP: 29/35 MP: 8/8
  3346 | D:3      | Reached XP level 6. HP: 29/41 MP: 0/9
  3478 | D:3      | Noticed a phantom
  3984 | D:3      | Reached skill level 1 in Fighting
  5055 | D:4      | Reached skill level 5 in Short Blades
  5304 | D:4      | Reached XP level 7. HP: 49/49 MP: 7/11
  5936 | D:5      | Entered Level 5 of the Dungeon
  6017 | D:5      | Reached XP level 8. HP: 55/55 MP: 13/13
  6186 | D:5      | Learned a level 1 spell: Apportation
  6195 | D:5      | Found a glowing drain.
  6241 | Sewer    | Entered a sewer
  6429 | Sewer    | Noticed Purgy
  6435 | Sewer    | Killed Purgy
  6860 | D:5      | Found a sacrificial altar of Ru.
  7215 | D:6      | Noticed Grinder
  7262 | D:6      | Noticed a yak
  7263 | D:6      | Noticed a yak
  7263 | D:6      | Noticed a yak
  7264 | D:6      | Noticed a yak
  7280 | D:6      | Killed a yak
  7280 | D:6      | Reached skill level 5 in Spellcasting
  7503 | D:6      | Killed a yak
  7503 | D:6      | Reached XP level 9. HP: 61/61 MP: 11/17
  7811 | D:6      | Reached skill level 2 in Fighting
  8134 | D:6      | Reached skill level 3 in Fighting
  8157 | D:6      | Found a staircase to the Ecumenical Temple.
  8211 | Temple   | Entered the Ecumenical Temple
  8239 | Temple   | Became a worshipper of Kikubaaqudgha
  8337 | D:6      | Found a stormy altar of Qazlal.
  8353 | D:6      | Got a bloodstained leather armour
  8468 | D:6      | Reached skill level 4 in Fighting
  8666 | D:6      | Killed Grinder
  8724 | D:6      | Identified the cursed +1 leather armour "Utuimees" {Int+4 Stlth+} (You found it on level 6 of the Dungeon)
  8911 | D:7      | Reached skill level 5 in Dodging
  8911 | D:7      | Reached XP level 10. HP: 73/73 MP: 14/19
  9076 | D:7      | Reached * piety under Kikubaaqudgha
  9076 | D:7      | Identified Kikubaaqudgha's Handbook of Evil Rituals (Kikubaaqudgha gifted it to you on level 7 of the Dungeon)
  9076 | D:7      | Received a gift from Kikubaaqudgha
  9082 | D:7      | Learned a level 3 spell: Vampiric Draining
  9222 | D:7      | Reached skill level 1 in Necromancy
  9893 | D:8      | Noticed Prince Ribbit
  9897 | D:8      | Killed Prince Ribbit
 10116 | D:8      | Noticed a two-headed ogre
 10125 | D:8      | Killed a two-headed ogre
 10306 | D:8      | Reached skill level 5 in Necromancy
 10392 | D:8      | Found Vyfecveted's Armour Shop.
 10415 | D:8      | Noticed a two-headed ogre
 10424 | D:8      | Reached ** piety under Kikubaaqudgha
 10428 | D:8      | Killed a two-headed ogre
 10428 | D:8      | Reached XP level 11. HP: 48/78 MP: 9/20
 10755 | D:8      | Found a staircase to the Lair.
 11006 | D:9      | Reached skill level 5 in Fighting
 11028 | D:9      | Noticed an obsidian statue
 11240 | D:9      | Found a staircase to the Orcish Mines.
 11256 | D:9      | Reached skill level 5 in Ice Magic
 11858 | D:9      | Noticed Gastronok
 11957 | D:9      | Noticed a two-headed ogre
 11975 | D:9      | Killed a two-headed ogre
 12029 | D:9      | Got a dull robe
 12265 | D:9      | Identified the +1 robe of Inevitability {rPois Slay+4} (You found it on level 9 of the Dungeon)
 12943 | D:10     | Entered Level 10 of the Dungeon
 13076 | D:10     | Reached *** piety under Kikubaaqudgha
 13076 | D:10     | Identified Kikubaaqudgha's Reference Book on Sinister Magic (Kikubaaqudgha gifted it to you on level 10 of the Dungeon)
 13076 | D:10     | Received a gift from Kikubaaqudgha
 13661 | D:10     | Noticed Snorg
 13688 | D:10     | Killed Snorg
 14230 | D:11     | Noticed Urug
 14231 | D:11     | Killed Urug
 14375 | D:11     | Reached skill level 10 in Hexes
 14434 | D:11     | Noticed a two-headed ogre
 14452 | D:11     | Killed a two-headed ogre
 14452 | D:11     | Reached XP level 12. HP: 86/86 MP: 20/25
 14523 | D:11     | Reached skill level 10 in Spellcasting
 14751 | D:11     | Reached **** piety under Kikubaaqudgha
 14963 | D:11     | Noticed a two-headed ogre
 14986 | D:11     | Killed a two-headed ogre
 14986 | D:11     | Reached skill level 6 in Fighting
 15152 | D:11     | Noticed a rakshasa
 15409 | Lair:1   | Entered Level 1 of the Lair of Beasts
 15516 | Lair:1   | Reached skill level 7 in Fighting
 16069 | Lair:2   | Found a staircase to the Swamp.
 16105 | Lair:2   | Reached skill level 10 in Short Blades
 16674 | Lair:2   | Reached ***** piety under Kikubaaqudgha
 17332 | Lair:3   | Found a frozen archway.
 17650 | Lair:3   | Gained mutation: You can hop longer distances. [Barachi growth]
 17650 | Lair:3   | Reached XP level 13. HP: 76/96 MP: 19/27
 17788 | Lair:3   | Found a staircase to the Snake Pit.
 17827 | Lair:3   | Got a translucent mace {venom}
 18949 | Lair:2   | Learned a level 5 spell: Bolt of Draining
 19047 | Lair:3   | Reached skill level 8 in Fighting
 19646 | Lair:3   | Reached skill level 9 in Fighting
 19676 | Lair:3   | Identified Sif Muna's Compendium of Enhancements and the Compass
 19682 | Lair:3   | Learned a level 3 spell: Regeneration
 19783 | Lair:2   | Learned a level 4 spell: Animate Dead
 19786 | Lair:2   | Identified a scroll of acquirement
 20975 | Lair:5   | Found a frozen archway.
 20976 | Lair:5   | Found a labyrinth entrance.
 20987 | Lab      | Entered a labyrinth
 21057 | Lab      | Got an ancient battleaxe
 21160 | Lab      | Noticed a minotaur
 21165 | Lab      | Killed a minotaur
 21195 | Lab      | Got a faintly glowing quarterstaff
 21281 | IceCv    | Entered an ice cave
 21361 | IceCv    | Reached skill level 1 in Shields
 24341 | IceCv    | Noticed a reaper
 24363 | IceCv    | Killed a reaper
 24363 | IceCv    | Reached skill level 5 in Shields
 24565 | IceCv    | Identified Sif Muna's Volume of Air and Conjuration
 24575 | IceCv    | Got a scorched demon trident
 24675 | IceCv    | Identified the cursed +2 demon trident "Evvioha" {flame, *Corrode rElec MP+9 Dex-3} (You found it in an ice cave)
 24692 | Lair:5   | Got a twisted trident
 25168 | Lair:5   | Reached skill level 10 in Fighting
 25174 | Lair:5   | Found a staircase to the Slime Pits.
 25630 | Lair:6   | Entered Level 6 of the Lair of Beasts
 25741 | Lair:6   | Reached XP level 14. HP: 110/110 MP: 25/28
 26725 | Lair:6   | Found a blossoming altar of Fedhas.
 27267 | Lair:6   | Reached skill level 10 in Stealth
 27504 | Lair:6   | Reached skill level 10 in Necromancy
 27635 | Lair:6   | Reached ****** piety under Kikubaaqudgha
 28202 | Lair:6   | Got a crude flail
 28240 | Lair:6   | Got a crude rapier
 28244 | Lair:6   | Identified the +3 rapier of Quick Death {freeze, rN+ MP+9 Dex+5} (You found it on level 6 of the Lair of Beasts)
 28851 | D:11     | Learned a level 3 spell: Tukima's Dance
 29419 | D:11     | Reached skill level 1 in Long Blades
 29466 | D:11     | Noticed Gravenous's ghost (journeyman BaBe)
 29492 | D:11     | Killed Gravenous's ghost
 29949 | D:11     | Found a portal to a secret trove of treasure.
 30042 | D:12     | Noticed Nergalle
 30045 | D:12     | Killed Nergalle
 30241 | D:12     | Reached skill level 5 in Long Blades
 30932 | D:12     | Found Lase's Assorted Antiques.
 31311 | D:12     | Reached XP level 15. HP: 115/115 MP: 29/29
 31582 | Lair:2   | Learned a level 5 spell: Dispel Undead
 31674 | D:9      | Killed Gastronok
 31766 | Orc:1    | Entered Level 1 of the Orcish Mines
 31773 | Orc:1    | Noticed Erica
 32030 | D:9      | Killed Erica
 32486 | Orc:2    | Entered Level 2 of the Orcish Mines
 33064 | Orc:1    | Reached skill level 10 in Long Blades
 33081 | Orc:2    | Paralysed by an orc sorcerer for 2 turns
 33158 | Orc:2    | Noticed an orc warlord
 33481 | Orc:2    | Found a staircase to the Elven Halls.
 33607 | Orc:2    | Found a roughly hewn altar of Beogh.
 33861 | Orc:2    | Killed an orc warlord
 33968 | Orc:2    | Found Zuaquapn's Jewellery Shop.
 34134 | Orc:2    | Found Nuohy's Antique Armour Shop.
 34149 | Orc:2    | Found Jastis's General Store.
 34163 | Orc:2    | Found Jeyn's Antique Weapon Shop.
 34254 | Orc:2    | Found a bloodstained altar of Trog.
 34667 | Orc:2    | Bought a runed robe for 88 gold pieces
 34697 | Orc:2    | Bought a translucent leather armour for 168 gold pieces
 34707 | Orc:2    | Identified the cursed +1 leather armour of Tenacity {rF+ Str+3} (You bought it in a shop on level 2 of the Orcish Mines)
 35050 | D:13     | Found a gate to the Vaults.
 36168 | D:14     | Found Borphahi's Changing Room.
 36185 | D:14     | Got a crude silver ring
 36187 | D:14     | Identified the ring of the Fiend {Fire Dex+7} (You found it on level 14 of the Dungeon)
 36588 | D:15     | Entered Level 15 of the Dungeon
 36588 | D:15     | Noticed Josephine
 36588 | D:15     | Noticed Agnes
 36619 | D:15     | Noticed kuniqs's ghost (journeyman MiFi)
 36624 | D:15     | Killed kuniqs's ghost
 37646 | D:9      | Reached XP level 16. HP: 122/122 MP: 30/30
 38024 | Elf:1    | Entered Level 1 of the Elven Halls
 38233 | Snake:1  | Entered Level 1 of the Snake Pit
 38507 | Lair:5   | Identified a +7 double sword of pain (a +5 double sword bloodied by Kikubaaqudgha)
 38507 | Lair:5   | Received a gift from Kikubaaqudgha
 39610 | Snake:1  | Found Veaclu Qito's Magic Scroll Emporium.
 39747 | Snake:1  | Found Kyno's Jewellery Shoppe.
 39747 | Snake:1  | Found Hecs's Gadget Shop.
 39748 | Snake:1  | Found Fiyruck's Gadget Shop.
 39921 | Snake:1  | Reached skill level 11 in Fighting
 40109 | Snake:1  | Identified a +1 pair of boots of running (You acquired it on level 1 of the Snake Pit)
 40115 | Snake:1  | Got a slimy plate armour
 40126 | Snake:1  | Identified the +1 plate armour "Zetieq" {rF++ Dex-4 Slay+3} (You acquired it on level 1 of the Snake Pit)
 40554 | Snake:1  | Bought a scroll of acquirement for 728 gold pieces
 40554 | Snake:1  | Bought a scroll of acquirement for 728 gold pieces
 40555 | Snake:1  | Got a slimy plate armour
 40557 | Snake:1  | Got a scorched buckler
 40568 | Snake:1  | Identified the -5 buckler "Omaeda" {Stlth+} (You acquired it on level 1 of the Snake Pit)
 40588 | Snake:1  | Identified the +4 plate armour of Makhleb's Condemnation {rCorr} (You acquired it on level 1 of the Snake Pit)
 40717 | Snake:2  | Reached skill level 10 in Dodging
 40974 | Snake:2  | Reached skill level 12 in Fighting
 41853 | Snake:3  | Noticed Vashnia
 42165 | Snake:3  | Noticed a nagaraja
 42183 | Snake:3  | Killed a nagaraja
 42190 | Snake:3  | Reached skill level 13 in Fighting
 42260 | Snake:3  | Found Nudayxt's Food Emporium.
 42268 | Snake:3  | Noticed Aizul
 42486 | Snake:2  | Killed Aizul
 42486 | Snake:2  | Reached XP level 17. HP: 84/136 MP: 27/31
 43695 | Snake:3  | Killed Vashnia
 43955 | Snake:3  | Reached skill level 14 in Fighting
 44358 | Snake:4  | Entered Level 4 of the Snake Pit
 45820 | Snake:3  | Reached skill level 15 in Fighting
 46545 | Snake:4  | Reached skill level 16 in Fighting
 46610 | Snake:4  | Got a sheer robe
 46621 | Snake:4  | Identified the +0 robe of Jirrup {rPois Str-3 Int+4 Slay+5} (You took it off a naga on level 4 of the Snake Pit)
 46766 | Snake:4  | Reached XP level 18. HP: 141/153 MP: 30/32
 47010 | Snake:4  | Reached skill level 17 in Fighting
 47586 | Snake:4  | Got a serpentine rune of Zot
 47951 | Swamp:1  | Entered Level 1 of the Swamp
 47951 | Swamp:1  | Found a glowing golden altar of the Shining One.
 47951 | Swamp:1  | Noticed Louise
 48110 | Swamp:1  | Killed Louise
 48189 | Swamp:1  | Reached skill level 18 in Fighting
 48947 | Swamp:1  | You fall through a shaft!
 49651 | Swamp:3  | Noticed Jorgrun
 49660 | Swamp:3  | Killed Jorgrun
 49660 | Swamp:3  | Reached skill level 19 in Fighting
 50539 | Swamp:4  | Entered Level 4 of the Swamp
 51445 | Swamp:4  | Reached skill level 20 in Fighting
 51737 | Swamp:4  | Reached XP level 19. HP: 96/169 MP: 23/33
 51932 | Swamp:4  | Got a decaying rune of Zot
 52991 | D:15     | Got a slimy bone ring
 53008 | D:15     | Identified the ring of a Hundred Songs {Fire Str+3} (You took it off a wizard on level 15 of the Dungeon)
 53167 | D:15     | Killed Agnes
 53192 | D:15     | Killed Josephine
 53587 | D:15     | Found a staircase to the Depths.
 54634 | Vaults:1 | Entered Level 1 of the Vaults
 54726 | Vaults:1 | Reached skill level 15 in Dodging
 54791 | Vaults:1 | Reached skill level 15 in Long Blades
 54833 | Vaults:1 | Got a smoking chain mail
 54850 | Vaults:1 | Identified the cursed +0 chain mail of Leaves {+Blink rElec Str+2} (You found it on level 1 of the Vaults)
 56500 | Vaults:1 | Got a scorched ring mail
 56523 | Vaults:1 | Identified the cursed +1 ring mail of Agoraphobia {rN+ Dex+3} (You found it on level 1 of the Vaults)
 56609 | Vaults:1 | Reached XP level 20. HP: 140/176 MP: 34/34
 60832 | Vaults:3 | Found a staircase to the Crypt.
 61256 | Vaults:3 | Noticed Sojobo
 61275 | Vaults:3 | Killed Sojobo
 61275 | Vaults:3 | Reached XP level 21. HP: 137/183 MP: 33/35
 61428 | Vaults:3 | Found Neluper's Assorted Antiques.
 61437 | Vaults:3 | Bought a potion of heal wounds for 160 gold pieces
 62640 | Vaults:4 | Noticed Margery
 62680 | Vaults:4 | Killed Margery
 62793 | Vaults:4 | Found a ruined gateway.
 62815 | Desolati | Entered the Desolation of Salt
 63586 | Desolati | Got a citrine-encrusted plate armour
 64301 | Desolati | Got a vibrating tin amulet
 64302 | Desolati | Identified the amulet "Cyfa" {rPois Regen+ Dex+3} (You took it off a servant of whispers in the Desolation of Salt)
 64360 | Desolati | Identified the +6 plate armour of Peek-a-Boo {rC+ Str+4 Dex-5} (You found it in the Desolation of Salt)
 64519 | Desolati | Got brightly glowing shadow dragon scales
 64531 | Desolati | Identified the +7 shadow dragon scales of Mic Leidwoli {rF++ MR+ Dex+4 Stlth++++} (You found it in the Desolation of Salt)
 64538 | Desolati | Got a scintillating ruby amulet
 64541 | Desolati | Identified the amulet "Sadghicla" {+Rage rPois rN+ Str-5 Int+2} (You found it in the Desolation of Salt)
 64768 | Vaults:4 | Reached skill level 1 in Armour
 65346 | Vaults:4 | Reached skill level 5 in Armour
 66737 | Elf:1    | Reached XP level 22. HP: 180/190 MP: 36/36
 66977 | Elf:1    | Got an ancient hunting sling
 67318 | Elf:1    | Noticed Frances
 67354 | Elf:1    | Killed Frances
 67713 | Elf:1    | Reached skill level 10 in Armour
 67890 | Elf:2    | Found Urumuiw's Magic Scroll Emporium.
 68588 | Elf:2    | Found a huge runed gate.
 68588 | Elf:2    | Found a huge runed gate.
 68588 | Elf:2    | Found a huge runed gate.
 68588 | Elf:2    | Found a huge runed gate.
 68588 | Elf:2    | Found a huge runed gate.
 68700 | Elf:3    | Entered Level 3 of the Elven Halls
 69092 | Elf:3    | Cast into level 3 of the Abyss (a deep elf sorcerer)
 69307 | Abyss:3  | Gained mutation: You do not regenerate when monsters are visible. [a neqoxec]
 69354 | Abyss:3  | Gained mutation: You passively map a small area around you. [mutagenic meat]
 69586 | Abyss:3  | Found a corrupted altar of Lugonu.
 69668 | Abyss:3  | Got an abyssal rune of Zot
 69690 | Elf:3    | Escaped the Abyss
 69997 | Elf:2    | Noticed a golden dragon
 69997 | Elf:2    | a deep elf blademaster changed into a golden dragon
 70001 | Elf:2    | a golden dragon changed into an iron dragon
 71218 | Elf:3    | Reached XP level 23. HP: 168/196 MP: 37/37
 71360 | Elf:3    | Reached skill level 15 in Armour
 71406 | Elf:3    | Got a scintillating ruby amulet
 71584 | Elf:3    | Identified the amulet of Temptation {+Rage rElec Dex+2} (You found it on level 3 of the Elven Halls)
 71594 | Elf:3    | Got a flickering turquoise ring
 71603 | Elf:3    | Identified the ring of a Million Suns {EV+4 Str+3} (You found it on level 3 of the Elven Halls)
 71627 | Elf:3    | Got a blackened spear
 71635 | Elf:3    | Got a crude pewter ring
 71638 | Elf:3    | Identified the ring of the Middle {rElec rC+ MP+9 Int+5 Dex-2} (You found it on level 3 of the Elven Halls)
 71753 | Elf:3    | Got an ancient sapphire amulet
 71755 | Elf:3    | Identified the amulet "Yddul" {rElec rPois rC- Regen+ Stlth+} (You found it on level 3 of the Elven Halls)
 71757 | Elf:3    | Got a dazzling hunting sling
 71767 | Elf:3    | Got a translucent lapis lazuli ring
 71768 | Elf:3    | Identified the cursed ring of Veeleps {rPois MR+ Str-3 Int+2} (You found it on level 3 of the Elven Halls)
 71781 | Elf:3    | Got a dazzling rapier
 71798 | Elf:3    | Identified Geid's Tome of the Earthen Frostbite
 71811 | Elf:3    | Got a topaz-encrusted scale mail
 72134 | Elf:3    | Noticed Roxanne
 72557 | Crypt:1  | Entered Level 1 of the Crypt
 73558 | Crypt:1  | Got a faintly glowing ivory ring
 73559 | Crypt:1  | Identified the ring "Jaxt" {rPois Str+2 Dex+5} (You found it on level 1 of the Crypt)
 73650 | Crypt:1  | Found a basalt altar of Yredelemnul.
 75630 | Crypt:2  | Paralysed by something for 4 turns
 75642 | Crypt:2  | Paralysed by something for 4 turns
 76943 | Crypt:3  | Entered Level 3 of the Crypt
 77346 | Crypt:3  | Noticed Saint Roka
 77364 | Crypt:3  | Killed Saint Roka
 78064 | Crypt:3  | Found a staircase to the Tomb.
 78136 | Crypt:3  | Reached XP level 24. HP: 102/204 MP: 37/37
 79436 | Crypt:3  | Got a smoking pewter ring
 79447 | Crypt:3  | Identified the ring of Fewky {rElec rN+ Int-2 Stlth+} (You took it off an ancient champion on level 3 of the Crypt)
 79537 | Crypt:3  | Got an encrusted leather armour
 79919 | Crypt:3  | Got a clouded glass ring
 79926 | Crypt:3  | Identified the ring "Zoilomoe" {rN+ Str+3} (You took it off a deep elf death mage on level 3 of the Crypt)
 79945 | Crypt:3  | Noticed an ancient lich
 80024 | Crypt:3  | Noticed an ancient lich
 80209 | Crypt:3  | Killed an ancient lich
 80213 | Crypt:3  | Killed an ancient lich
 80564 | Crypt:3  | Identified Dihiger's Reference Book on the Arsonist and Self-Knowledge
 80568 | Crypt:3  | Got a sparkling iron amulet
 80569 | Crypt:3  | Identified the amulet of Knowledge {Reflect rPois MP+9 Str-5 Int+9 SH+2} (You found it on level 3 of the Crypt)
 80572 | Crypt:3  | Got a twisted lajatang
 80573 | Crypt:3  | Identified the +2 lajatang of the Curious Coins {flame, Fragile rPois rC- SInv} (You found it on level 3 of the Crypt)
 80576 | Crypt:3  | Got a dazzling shield
 80577 | Crypt:3  | Identified the +5 shield "Jyesop" {MR+ rCorr} (You found it on level 3 of the Crypt)
 80996 | Snake:1  | Bought a scroll of blinking for 105 gold pieces
 80996 | Snake:1  | Bought a scroll of blinking for 105 gold pieces
 81252 | D:14     | Bought a potion of mutation for 112 gold pieces
 81301 | Depths:1 | Entered Level 1 of the Depths
 81851 | Depths:1 | Found a runed door.
 82050 | Depths:1 | Found a viscous altar of Jiyva.
 82527 | Depths:1 | Found a gateway to Hell.
 82906 | Depths:1 | Found a stormy altar of Qazlal.
 83342 | Depths:1 | Reached XP level 25. HP: 125/212 MP: 37/37
 83668 | Depths:1 | Found a one-way gate to the infinite horrors of the Abyss.
 83997 | Depths:2 | Got a scintillating silver ring
 83998 | Depths:2 | Identified the ring "Megija" {+Blink rC+ MR+ AC+2} (You acquired it on level 2 of the Depths)
 84013 | Depths:2 | Found a gateway to a ziggurat.
 84096 | Depths:2 | Found Xiruka's Antique Armour Boutique.
 84247 | Depths:2 | Found Ehotyle's Jewellery Shoppe.
 84250 | Depths:2 | Bought a +6 ring of slaying for 2300 gold pieces
 84260 | Depths:2 | Found Ocow's Assorted Antiques.
 84337 | Depths:2 | Found Ajeox's Armour Emporium.
 84341 | Depths:2 | Reached skill level 21 in Fighting
 84935 | Depths:2 | Noticed a juggernaut
 84951 | Depths:2 | a juggernaut changed into a titan
 85224 | Depths:2 | Noticed a juggernaut
 85231 | Depths:2 | a juggernaut changed into a caustic shrike
 85232 | Depths:2 | Noticed a juggernaut
 85232 | Depths:2 | a caustic shrike changed into a juggernaut
 85233 | Depths:2 | Noticed a shard shrike
 85233 | Depths:2 | a juggernaut changed into a shard shrike
 85237 | Depths:2 | a shard shrike changed into an acid blob
 86626 | Depths:3 | Noticed Nikola
 86639 | Depths:3 | Noticed Nikola
 86639 | Depths:3 | Nikola changed into Nikola the caustic shrike
 86647 | Depths:3 | Killed Nikola the caustic shrike
 87532 | Depths:3 | Reached skill level 22 in Fighting
 87992 | Depths:3 | Found Gozag's Antique Armour Boutique.
 88197 | Depths:3 | Found Jila's Weapon Boutique.
 88321 | Depths:3 | Found a one-way gate leading to the halls of Pandemonium.
 88398 | Depths:3 | Reached XP level 26. HP: 214/226 MP: 37/37
 88435 | Depths:3 | Found Gozag's Assorted Antiques.
 88440 | Depths:3 | Found an opulent altar of Gozag.
 88444 | Depths:3 | Found Gozag's Assorted Antiques.
 89271 | Depths:2 | Bought the ring "Ostroen" {rF+ rC+ Slay+3} for 825 gold pieces
 89815 | Depths:4 | Found a deep blue altar of Sif Muna.
 89815 | Depths:4 | Found a snail-covered altar of Cheibriados.
 89816 | Depths:4 | Found a glowing golden altar of the Shining One.
 90278 | Depths:4 | Reached skill level 23 in Fighting
 90492 | Depths:4 | Noticed a shard shrike
 90492 | Depths:4 | a titan changed into a shard shrike
 90515 | Depths:4 | Killed a shard shrike
 92633 | Depths:4 | Reached skill level 24 in Fighting
 92653 | Depths:4 | Got a translucent quarterstaff {holy}
 93054 | Depths:4 | Reached XP level 27. HP: 194/238 MP: 37/37
 93496 | Depths:4 | Identified the Volume of Frigorific Changing
 93560 | Depths:4 | Got a flickering iron ring
 93561 | Depths:4 | Identified the ring of Icugek {rC+ EV+2 Str+4} (You found it on level 4 of the Depths)
 93629 | Depths:5 | Entered Level 5 of the Depths
 93730 | Depths:5 | Found Qiffigimug's Book Boutique.
 93737 | Depths:5 | Noticed Xtahua
 93744 | Depths:5 | Noticed Xtahua
 93744 | Depths:5 | Xtahua changed into Xtahua the iron giant
 93756 | Depths:5 | Killed Xtahua the iron giant
 94212 | Depths:5 | Noticed Mennas
 94236 | Depths:5 | Noticed Mennas
 94236 | Depths:5 | Mennas changed into Mennas the pearl dragon
 94241 | Depths:5 | Killed Mennas the pearl dragon
 94738 | Depths:5 | Found a gate to the Realm of Zot.
 95089 | Depths:5 | Reached skill level 25 in Fighting
 95458 | Depths:5 | Paralysed by a floating eye for 3 turns
 95473 | Depths:5 | Paralysed by a floating eye for 4 turns
 96691 | Vaults:5 | Entered Level 5 of the Vaults
 97039 | Vaults:5 | HP: 10/243 [tentacled monstrosity (23)]
 97040 | Vaults:5 | HP: 1/243 [tentacled monstrosity (14)]
 97055 | Vaults:5 | HP: 10/243 [something (2)]
 97067 | Vaults:5 | HP: 1/243 [deep elf knight/stone arrow (19)]
 97120 | Vaults:5 | HP: 4/244 [yaktaur captain/bolt (27)]
 97124 | Vaults:5 | Shot with a bolt by a yaktaur captain

Skill      XL: |  1  2  3  4  5  6  7  8  9 10 11 12 13 14 15 16 17 18 19 20 21 22 23 24 25 26 27 |
---------------+----------------------------------------------------------------------------------+-----
Short Blades   | 2 3 4 5 9 10 | 10.0
Ice Magic      | 1 3 4 5 |  5.0
Hexes          | 4 9 10 11 | 11.3
Fighting       | 1 4 5 7 10 13 16 20 22 24 25 | 25.6
Spellcasting   | 3 5 6 9 10 | 10.0
Stealth        | 7 8 9 10 | 10.0
Dodging        | 5 6 7 8 11 12 15 18 20 | 20.0
Necromancy     | 6 8 9 11 12 | 12.0
Shields        | 5 |  5.1
Long Blades    | 7 14 16 20 23 | 23.5
Armour         | 6 14 19 21 23 24 | 24.7

Action                   |  1- 3 |  4- 6 |  7- 9 | 10-12 | 13-15 | 16-18 | 19-21 | 22-24 | 25-27 || total
-------------------------+-------+-------+-------+-------+-------+-------+-------+-------+-------++-------
Melee: Dagger            |   165 |   218 |   226 |   457 |   395 |       |       |       |       ||  1461
       Rapier            |       |       |       |    99 |   904 |    69 |    22 |       |       ||  1094
       Double sword      |       |       |       |       |       |  1251 |  1617 |       |       ||  2868
       Triple sword      |       |       |       |       |       |       |    48 |  2193 |  1821 ||  4062
 Fire: Blowgun           |       |       |       |       |    14 |       |       |       |       ||    14
Throw: Throwing net      |       |       |       |       |     3 |       |       |       |       ||     3
 Cast: Corona            |    20 |     3 |       |     1 |       |       |       |       |       ||    24
       Ensorcelled Hiber |     3 |    40 |    52 |   169 |   237 |    26 |       |       |       ||   527
       Confuse           |       |    12 |    23 |    44 |   106 |    33 |    18 |       |       ||   236
       Apportation       |       |       |       |     3 |     1 |       |       |       |       ||     4
       Bolt of Draining  |       |       |       |       |    20 |       |       |       |       ||    20
       Regeneration      |       |       |       |       |    29 |   143 |   149 |    45 |    34 ||   400
       Animate Dead      |       |       |       |       |    12 |     5 |    17 |       |       ||    34
       Vampiric Draining |       |       |       |       |    35 |    32 |    21 |       |    14 ||   102
       Dispel Undead     |       |       |       |       |    15 |       |    19 |    24 |       ||    58
       Tukima's Dance    |       |       |       |       |     1 |       |     5 |       |       ||     6
Invok: Receive Corpses   |       |       |       |       |     6 |     7 |    17 |       |       ||    30
       Brand Weapon With |       |       |       |       |       |     1 |       |       |       ||     1
 Abil: Hop               |       |     3 |     2 |     1 |     7 |     8 |    10 |     8 |     3 ||    42
       Evoke Flight      |       |       |       |       |     3 |       |       |       |       ||     3
Evoke: Lamp of fire      |       |       |       |     2 |     2 |     1 |     1 |       |       ||     6
       Wand              |       |       |       |     1 |     4 |     5 |       |     6 |     1 ||    17
  Use: Potion            |       |     2 |     1 |     3 |     3 |     1 |     5 |     4 |    17 ||    36
       Scroll            |       |       |     9 |    21 |    18 |    16 |    16 |    17 |    17 ||   114
 Stab: Sleeping          |    10 |    24 |    40 |   133 |   189 |    21 |    18 |    13 |    12 ||   460
       Confused          |       |     3 |    14 |    25 |    50 |    24 |    13 |       |       ||   129
       Invisible         |       |       |     1 |       |     2 |       |       |       |       ||     3
       Paralysed         |       |       |     1 |       |       |       |       |       |       ||     1
       Distracted        |       |       |       |       |     5 |     8 |     9 |     8 |    11 ||    41
  Eat: Chunk             |     5 |     6 |    12 |    30 |    41 |    29 |    47 |    23 |    29 ||   222
       Bread ration      |       |     2 |       |       |     4 |     3 |       |     2 |     3 ||    14
       Royal jelly       |       |     1 |       |       |     2 |     3 |     2 |     2 |     4 ||    14
       Fruit             |       |       |       |     1 |     3 |     3 |       |       |       ||     7
       Meat ration       |       |       |       |       |     3 |     1 |     3 |     6 |       ||    13
Armor: Robe              |    40 |    46 |    32 |    65 |   253 |   271 |   372 |       |       ||  1079
       Leather armour    |       |       |     1 |    54 |       |       |       |       |       ||    55
       Shadow dragon sca |       |       |       |       |       |       |    20 |  1344 |  1210 ||  2574
Dodge: Dodged            |    99 |   140 |    67 |   243 |   505 |   598 |   923 |  1350 |  1187 ||  5112
Block: Other             |       |       |    41 |   110 |    18 |       |       |       |       ||   169
       Reflection        |       |       |     6 |    10 |    25 |    67 |    93 |       |       ||   201
       Buckler           |       |       |       |       |   533 |   604 |   818 |       |       ||  1955
       Rpst.: Double sword |       |       |       |       |       |   134 |   167 |       |       ||   301
       Triple sword      |       |       |       |       |       |       |     4 |   245 |   240 ||   489
